 Dungeon Crawl Stone Soup version 0.17.2-1-ge4368a0 (webtiles) character file.

5492 Jamella the Fighter (level 10, -4/85 HPs)
             Began as a Mummy Monk on July 12, 2017.
             Shot with an arrow by a centaur (8 damage)
             ... on level 9 of the Dungeon.
             The game lasted 00:40:37 (18320 turns).

Jamella the Fighter (Mummy Monk)                   Turns: 18320, Time: 00:40:37

Health: -4/85      AC:  6    Str: 14    XL:     10   Next: 42%
Magic:  10/10      EV: 16    Int: 11    God:
Gold:   324        SH:  0    Dex: 17    Spells: 0 memorised, 9 levels left

rFire  x . .     SeeInvis .       - Unarmed
rCold  + . .     Clarity  .     (no armour)
rNeg   + + +     SustAt   .     (no shield)
rPois  ∞         Gourm    .     o - +0 helmet
rElec  .         Spirit   .     h - +2 cloak
rCorr  .         Warding  .     a - +1 pair of gloves
rMut   .         Stasis   .     (no boots)
MR     +....                    (no amulet)
Stlth  ++........               (no ring)
                                (no ring)

@: somewhat resistant to hostile enchantments, unstealthy
A: no food or potions, fire vulnerability, cold resistance 1, negative energy
resistance 3, torment resistance, unbreathing
a: no special abilities


You were on level 9 of the Dungeon.
You were not hungry.

You visited 2 branches of the dungeon, and saw 14 of its levels.

You collected 324 gold pieces.


Innate Abilities, Weirdness & Mutations

You do not eat or drink.
Your flesh is vulnerable to fire.
You are immune to poison.
Your flesh is cold resistant.
You are immune to negative energy.
You are immune to unholy pain and torment.
You can survive without breathing.


   Skills:
 - Level 10.0 Fighting
 - Level 5.8 Dodging
 - Level 1.5 Stealth
 + Level 9.6 Unarmed Combat


You had 9 spell levels left.
You didn't know any spells.

Inventory:

Hand Weapons
 j - a +2 scythe
Armour
 a - a +1 pair of gloves (worn)
 d - a +0 robe
 h - a +2 cloak (worn)
 o - a +0 helmet (worn)
 p - the +2 robe of Ohuenub {rElec rPois Str+2 Dex+2, unknown}

   It affects your strength (+2).
   It affects your dexterity (+2).
   It insulates you from electricity.
   It protects you from poison.
Jewellery
 f - an uncursed ring of ice
 l - an uncursed amulet of guardian spirit {unknown}
 q - an uncursed amulet of stasis {unknown}
 r - an uncursed amulet of resist mutation {unknown}
Scrolls
 b - 5 scrolls of immolation {!r}
 c - 5 scrolls of random uselessness (quivered)
 e - 5 scrolls of remove curse
 g - a scroll of magic mapping {unknown}
 k - a scroll of recharging
 m - 2 scrolls of teleportation {@r4}
 n - 3 scrolls of fog
Comestibles
 s - 9 fruits

Dungeon Overview and Level Annotations

Branches:
Dungeon (13/15)            Temple (1/1) D:6            Lair (0/8) D:9
    Orc: D:9-12      Vaults: D:13-14

Altars:
Ashenzari
Cheibriados
Dithmenos
Elyvilon
Fedhas
Gozag
Kikubaaqudgha
Makhleb
Nemelex Xobeh
Okawaru
Qazlal
Ru
Sif Muna
Trog
Vehumet
Xom
Yredelemnul
Zin
The Shining One

Annotations:
D:7 Joseph
D:9 Grum
D:10 exclusion: troll

▒.▒ ▒(▒▒ ▒▒▒'▒▒▒
▒.▒▒ ▒▒▒o▒▒▒ ▒▒.▒
▒..▒ ▒(....▒ ▒..▒
▒▒▒▒.▒▒▒ ▒.(...▒
▒▒'▒▒▒▒ ▒......▒▒▒
▒.....▒ ▒......
▒......(.▒ ▒(....▒
▒...... ▒......▒.▒
▒(.c..▒▒▒ ▒......
▒......▒.▒
▒(....+.▒▒▒▒▒......
▒......▒)▒
▒.M...▒.....▒......
▒......▒.▒
▒.....▒▒▒▒▒.'......
▒......▒.▒▒▒▒.....▒
▒▒▒......
▒......▒....'.....▒
▒......
▒▒▒▒▒▒▒▒▒▒▒▒▒.....▒
▒▒▒▒▒▒▒ ▒▒▒▒▒▒▒


You could see a centaur and an orc priest.


Message History

You see here an arrow!
You take 14 damage, and have 44/85 hp!
The centaur shoots an arrow!
The arrow closely misses you!
There is an open door here!
The centaur shoots an arrow!
The arrow completely misses you!
The centaur shoots an arrow!
The arrow hits you! * * * don't die
* * * The centaur shoots an arrow!
The arrow hits you!!! * * * don't die
* * * You see here 2 arrows!
You take 11 damage, and have 33/85 hp!
The orc priest calls down the wrath of Beogh upon you!
Something smites you!!! * * * don't die
* * * The centaur shoots an arrow!
The arrow misses you!
You take 12 damage, and have 21/85 hp!
The centaur shoots an arrow!
The arrow hits you but does no damage!
You see here an arrow!
The centaur shoots an arrow!
The arrow completely misses you!
The centaur shoots an arrow!
The arrow closely misses you!
You see here 2 arrows!
The orc priest calls down the wrath of Beogh upon you!
Something smites you!!! * * * don't die
* * * The centaur shoots an arrow!
The arrow hits you!!! * * * don't die
* * * You see here an arrow!
You take 17 damage, and have 4/85 hp!
The centaur shoots an arrow!
The arrow hits you!!! rip

Action                   |  1- 3 |  4- 6 |  7- 9 | 10-12 || total
-------------------------+-------+-------+-------+-------++-------
Melee: Unarmed           |   193 |   365 |   529 |   183 ||  1270
  Use: Scroll            |       |     8 |     8 |       ||    16
 Stab: Sleeping          |     3 |     3 |     4 |       ||    10
       Distracted        |       |     1 |       |     1 ||     2

Vault maps used:
D:1:      erik_arrival_blinker_ship
D:2:      minmay_statues_item
D:3:      first_bread
D:4:      gammafunk_temple_overflow_forgotten, portal_sewer_entry_f,
          uniq_blork_the_orc, uniq_grinder, uniq_sigmund,
          uniq_crazy_yiuf_cottage
D:6:      minmay_temple_entry_statues_pillars, small_statue_intersection,
          minmay_misc_feat_roman
D:7:      lemuel_round_altar, gammafunk_temple_overflow_claw, uniq_duvessa,
          uniq_joseph
D:9:      lair_0_dummy, grunt_ogre_cave, uniq_grum
D:11:     orc_david_3, basic_altar, uniq_erolcha
D:12:     nicolae_trove_entry_crossroad
D:13:     minmay_isolated_rectangles_in_corner, david_vaults_1, serial_bayou,
          serial_bayou_lake_a, serial_bayou_shore_b, serial_bayou_pond_a,
          serial_bayou_lagoon_a, serial_bayou_crossing
Temple:   circular_temple_12

Notes
Turn   | Place    | Note
--------------------------------------------------------------
     0 | D:1      | Jamella the Mummy Monk began the quest for the Orb.
     0 | D:1      | Reached XP level 1. HP: 18/18 MP: 1/1
   507 | D:1      | You fall through a shaft!
   537 | D:2      | Reached XP level 2. HP: 21/24 MP: 2/2
  1565 | D:2      | Reached skill level 4 in Unarmed Combat
  1636 | D:2      | Reached XP level 3. HP: 29/29 MP: 3/3
  2952 | D:3      | Reached XP level 4. HP: 33/35 MP: 4/4
  3230 | D:3      | Noticed Hettar's ghost (amateur DDFi)
  3307 | D:3      | Reached skill level 5 in Unarmed Combat
  4744 | D:2      | Reached XP level 5. HP: 19/41 MP: 5/5
  4991 | D:4      | Found a deep blue altar of Sif Muna.
  4994 | D:4      | Found a glowing golden altar of the Shining One.
  5006 | D:4      | Noticed Grinder
  5044 | D:4      | Noticed Sigmund
  5312 | D:3      | Reached skill level 4 in Fighting
  5457 | D:4      | Noticed Blork the orc
  5465 | D:5      | Entered Level 5 of the Dungeon
  5465 | D:5      | Noticed an ogre
  5746 | D:6      | Noticed a centaur
  5784 | D:6      | Noticed an ogre
  6000 | D:4      | Got an ichor-stained robe
  6087 | D:5      | Reached skill level 5 in Fighting
  6096 | D:5      | Reached XP level 6. HP: 38/51 MP: 6/6
  6420 | D:5      | Killed an ogre
  6420 | D:5      | Reached skill level 3 in Dodging
  6791 | D:4      | Found a burning altar of Makhleb.
  7477 | D:4      | Reached skill level 4 in Dodging
  7699 | D:5      | Reached XP level 7. HP: 47/56 MP: 7/7
  7979 | D:5      | Noticed an ice beast
  8019 | D:5      | Killed an ice beast
  8318 | D:5      | Noticed an ice beast
  8526 | D:4      | Killed Sigmund
  8526 | D:4      | Reached skill level 6 in Unarmed Combat
  9370 | D:5      | Killed an ice beast
  9370 | D:5      | Reached skill level 6 in Fighting
  9370 | D:5      | Reached XP level 8. HP: 41/64 MP: 8/8
 10076 | D:5      | Reached skill level 7 in Unarmed Combat
 10605 | D:4      | Noticed Crazy Yiuf
 10752 | D:6      | Noticed an ogre
 10755 | D:6      | Noticed Charly's ghost (amateur VSWr)
 10781 | D:6      | Killed an ogre
 10781 | D:6      | Reached skill level 7 in Fighting
 10995 | D:6      | Killed Charly's ghost
 11175 | D:6      | Found a staircase to the Ecumenical Temple.
 11184 | Temple   | Entered the Ecumenical Temple
 11801 | D:6      | Killed a centaur
 12441 | D:3      | Killed Hettar's ghost
 12441 | D:3      | Reached skill level 8 in Unarmed Combat
 12689 | D:7      | Noticed Dowan
 12692 | D:7      | Noticed Duvessa
 12733 | D:6      | Killed an ogre
 12733 | D:6      | Reached XP level 9. HP: 72/72 MP: 9/9
 12764 | D:7      | You fall through a shaft for 3 floors!
 12764 | D:10     | Entered Level 10 of the Dungeon
 12765 | D:10     | hmm
 12960 | D:10     | Noticed a hill giant
 13040 | D:9      | Noticed Grum
 13046 | D:9      | You fall through a shaft for 3 floors!
 13052 | D:13     | Noticed a wizard
 13060 | D:13     | Noticed a centaur skeleton
 13081 | D:12     | Noticed a brown ugly thing
 13081 | D:12     | Noticed a centaur skeleton
 13134 | D:11     | HP: 6/72 [centaur zombie (5)]
 13136 | D:11     | HP: 1/72 [centaur zombie (6)]
 13495 | D:11     | Really makes you think.
 13551 | D:11     | Noticed a kobold demonologist
 13710 | D:9      | Reached skill level 8 in Fighting
 14314 | D:8      | Reached skill level 9 in Unarmed Combat
 14799 | D:7      | Killed Duvessa
 14810 | D:7      | Killed Dowan
 14941 | D:7      | Found a basalt altar of Yredelemnul.
 14977 | D:7      | Reached skill level 9 in Fighting
 15328 | D:7      | Noticed Joseph
 15618 | D:7      | Killed Grinder
 15734 | D:7      | Found a shattered altar of Ashenzari.
 15734 | D:7      | Found a glowing silver altar of Zin.
 15735 | D:7      | Found a shadowy altar of Dithmenos.
 15890 | D:4      | Killed Blork the orc
 16047 | D:4      | Killed Crazy Yiuf
 16047 | D:4      | Reached skill level 10 in Fighting
 16134 | D:6      | Reached XP level 10. HP: 83/85 MP: 10/10
 16403 | D:9      | Reached skill level 5 in Dodging
 16617 | D:9      | Found a staircase to the Lair.
 18319 | D:9      | HP: 4/85 [centaur/arrow (7)]
 18320 | D:9      | Shot with an arrow by a centaur

Vanquished Creatures
  Grinder (D:7)
  A two-headed ogre (D:9)
  Sigmund (D:4)
  A hungry ghost (D:9)
  The ghost of Hettar the Shield-Bearer, an amateur DDFi (D:3)
  3 wolves (D:9)
  2 hippogriffs
  Duvessa (D:7)
  A sky beast (D:9)
  4 ice beasts
  4 ogres
  4 centaurs
  A big kobold (D:9)
  Blork the orc (D:4)
  The ghost of Charly the Ruffian, an amateur VSWr (D:6)
  2 scorpions
  Dowan (D:7)
  10 giant frogs
  3 killer bees (D:7)
  5 crimson imps
  A giant frog zombie (D:8)
  A centaur zombie (D:11)
  4 hounds
  6 orc priests
  A quasit (D:7)
  Crazy Yiuf (D:4)
  A giant frog skeleton (D:7)
  4 jellies
  5 orc wizards
  A centaur skeleton (D:7)
  6 iguanas
  8 worker ants
  3 hound skeletons
  13 adders
  9 gnolls
  4 shadow imps
  An ooze (D:7)
  An adder zombie (D:9)
  An adder skeleton (D:8)
  3 worms (D:2)
  10 giant geckos
  11 orcs
  3 ball pythons
  12 giant cockroaches
  5 goblins
  9 hobgoblins
  10 jackals
  3 quokkas
  10 bats
  A giant gecko skeleton (D:6)
  5 giant newts
  14 kobolds
  A quokka skeleton (D:8)
  13 rats
229 creatures vanquished.
